 Dungeon Crawl Stone Soup version 0.31.0-32-g396128a36d (webtiles) character file.

Game seed: 15054318765004384477

275 H0rd4k the Insei (level 6, -1/41 HPs)
             Began as an Octopode Artificer on Mar 25, 2024.
             Slain by Grinder (7 damage)
             ... on level 3 of the Dungeon.
             The game lasted 00:01:49 (1237 turns).

H0rd4k the Insei (Octopode Artificer)               Turns: 1237, Time: 00:01:51

Health: -1/41      AC:  1    Str: 11    XL:     6   Next: 25%
Magic:  6/6        EV: 13    Int: 15    God:
Gold:   74         SH:  0    Dex: 13    Spells: 5/5 levels left

rFire   . .          .
                       - Unarmed
rCold   . . .        (no shield)
rNeg    . . .        (helmet restricted)
rPois   .            (no amulet)
rElec   .            (no ring)
rCorr   .            (no ring)
SInv    .            (no ring)
Will    .....        (no ring)
Stlth   +++          (no ring)
HPRegen 0.26/turn    (no ring)
MPRegen 0.10/turn    (no ring)
                     (no ring)

%: no passive effects
@: no status effects
A: almost no armour, amphibious, 8 rings, camouflage 1, gelatinous body 1,
(nimble swimmer 1), tentacles
a: no special abilities


You were on level 3 of the Dungeon.
You visited 1 branch of the dungeon, and saw 3 of its levels.

You collected 74 gold pieces.

Inventory:

Wands
 b - a wand of flame (6) (quivered)
 c - a wand of charming (13)
 d - a wand of iceblast (5)
Scrolls
 a - 2 scrolls of identify {unknown}
 e - a scroll of silence {unknown}
 j - a scroll of amnesia {unknown}
 k - a scroll of enchant armour {unknown}
Potions
 f - a potion of heal wounds {unknown}
 g - a potion of curing {unknown}
 h - a potion of invisibility {unknown}
 i - 2 potions of attraction {unknown}
 l - a potion of mutation {unknown}


   Skills:
 + Level 2.5 Fighting
 - Level 2.3 Dodging
 - Level 1.3 Stealth
 + Level 5.4 Unarmed Combat
 - Level 3.2 Evocations


You had 5 spell levels left.
You didn't know any spells.
Your spell library contained the following spells:

 Spells                   Type           Power      Damage    Failure   Level
 Lesser Beckoning         Tloc           0%         N/A       38%         2
 Scorch                   Fire           0%         2d5       38%         2
 Gell's Gravitas          Tloc           0%         N/A       63%         3
 Teleport Other           Tloc           0%         N/A       63%         3
 Flame Wave               Conj/Fire      0%         2d4       95%         4
 Summon Cactus Giant      Summ           0%         N/A       100%        6


Dungeon Overview and Level Annotations

Branches:
Dungeon (3/15)

Altars:

Annotations:
D:3 Grinder


Innate Abilities, Weirdness & Mutations

You cannot wear most types of armour.
You are amphibious.
You can wear up to eight rings at the same time.
Your skin changes colour to match your surroundings (Stealth+).
Your rubbery body absorbs attacks. (AC +1, EV +1)
((You are camouflaged when in or above water. (Stealth+)))
You have tentacles for arms and can constrict up to eight enemies at once.


Message History

You tentacle-slap the kobold.
You kill the kobold!
The cerulean imp hits you from afar with a +0 spear.
You closely miss Natasha. Your grab misses Natasha.
Your tentacle-slap misses Natasha.
Natasha misses you.
The cerulean imp hits you from afar with a +0 spear.
You tentacle-slap Natasha. You grab Natasha.
Natasha is heavily wounded.
You constrict Natasha. Natasha claws you!
* * * LOW HITPOINT WARNING * * *
The cerulean imp hits you from afar with a +0 spear.
* * * LOW HITPOINT WARNING * * *
You bludgeon Natasha!
You kill Natasha!
Natasha screams in fury as she dies!
The cerulean imp disappears in a puff of smoke!
There is an open door, spattered with blood here.
Things that are here:
a +0 whip; the felid corpse of Natasha You hear the quick rusting of a drain nearby.
Found a clear potion.
l - a clear potion Grinder shouts!
Grinder gestures at you. Pain shoots through your body!
* * * LOW HITPOINT WARNING * * *
Aiming: Charm
Press: ? - help, Shift-Dir - straight line, f - Grinder
Aim: Grinder (chance to affect: 57%) Grinder resists with significant effort.
Grinder gestures at you.
You suddenly lose the ability to move!
You can move again.
Aiming: Charm
Press: ? - help, Shift-Dir - straight line, f/p - Grinder
Aim: Grinder (chance to affect: 57%) Grinder resists with significant effort.
Grinder hits you!
You die...
Grinder says, "Now the real fun starts!"

......# #.............#.#.#
#####.. ..............†..#.#
# ##.........####..#.## #
####...##.# #..#... #
....<... #..#... #
..........##...... #
###................ #
###########5##.>...###.#... #
###.........@..##........#.##
#
#.'.........#..###.#####.#.##
#####.#..######.#..# # #.#.##
.K.K..#..# #.#..#########.#.#
#######).# #.#..#.........#.#
# #..# #.#..###########.# #
#..# #.#..# #.# # #..# ..#..#
#.# # #..########..#


You could see Grinder.

Vanquished Creatures
  Sigmund (D:3)
  Natasha (twice) (D:3)
  2 adders
  2 dart slugs
  2 bats (D:1)
  4 endoplasms
  2 giant cockroaches (D:1)
  4 goblins
  2 hobgoblins (D:1)
  4 kobolds
  5 ball pythons (D:1)
  3 frilled lizards (D:1)
  A rat (D:1)
34 creatures vanquished.

Notes
Turn   | Place    | Note
-------+----------+-------------------------------------------
     0 | D:1      | H0rd4k the Octopode Artificer began the quest for the Orb.
     0 | D:1      | Reached XP level 1. HP: 13/13 MP: 1/1
   124 | D:1      | Reached skill level 1 in Unarmed Combat
   188 | D:1      | Reached XP level 2. HP: 17/18 MP: 2/2
   514 | D:1      | Reached skill level 2 in Unarmed Combat
   592 | D:1      | Reached XP level 3. HP: 9/23 MP: 3/3
   815 | D:2      | You fall into a shaft and drop 1 floor!
   882 | D:3      | Noticed Sigmund
   887 | D:3      | Killed Sigmund
   888 | D:3      | Reached skill level 4 in Unarmed Combat
   888 | D:3      | Reached XP level 4. HP: 23/30 MP: 4/4
   888 | D:3      | Reached XP level 5. HP: 27/35 MP: 5/5
   973 | D:3      | Noticed Natasha
   979 | D:3      | Killed Natasha
   980 | D:3      | Reached skill level 5 in Unarmed Combat
   980 | D:3      | Reached XP level 6. HP: 36/41 MP: 6/6
   987 | D:3      | Noticed Grinder
  1198 | D:3      | Noticed Natasha
  1214 | D:3      | Killed Natasha
  1234 | D:3      | Paralysed by Grinder for 3 turns
  1237 | D:3      | Slain by Grinder

Illustrated notes

Levels and vault maps discovered:
D:1:      spicycebolla_green_bress_n_ham, layout_loops_ring, serial_glass,
          glass_columns_a, glass_columns_b, minmay_misc_feat_tower,
          minmay_misc_feat_plants, minivault_19, kennysheep_crisscross,
          minmay_unequal
D:2:      layout_rooms, minmay_close_crescents, uniq_terence
D:3:      layout_loops_ring, portal_sewer_entry_b, corexii_corridor_pit,
          kennysheep_small_spiral, minivault_11, uniq_natasha, uniq_sigmund,
          uniq_grinder

Skill      XL: |  1  2  3  4  5 |
---------------+----------------+-----
Unarmed Combat | 1 2 4 5 |  5.4
Fighting       | 2 |  2.5
Dodging        | |  2.3
Stealth        | |  1.3
Evocations     | |  3.2

Action                     |  1- 3 |  4- 6 || total
---------------------------+-------+-------++-------
  Melee: Unarmed           |    59 |    18 ||    77
         Tentacles         |    19 |     3 ||    22
         Constrict         |    13 |     6 ||    19
  Evoke: Wand              |       |    11 ||    11
   Stab: Sleeping          |     7 |     3 ||    10
 Armour: Skin              |    24 |    16 ||    40
  Dodge: Dodged            |    39 |     9 ||    48
